 Dungeon Crawl Stone Soup version 0.29.0-4-gdea44cf6ec (webtiles) character file.

Game seed: 15147579745021057948

1 qw the Sneak (level 1, -1/14 HPs)
             Began as a Gargoyle Delver on Sept 10, 2022.
             Slain by a black bear (4 damage)
             ... on level 4 of the Dungeon.
             The game lasted 00:00:03 (80 turns).

qw the Sneak (Gargoyle Delver)                        Turns: 80, Time: 00:00:03

Health: -1/14      AC:  5    Str: 15    XL:     1   Next: 20%
Magic:  1/1        EV: 11    Int: 10    God:
Gold:   34         SH:  0    Dex: 11    Spells: 0/0 levels left

rFire   . . .      SeeInvis .   Y - +0 hand axe
rCold   . . .      Faith    .   (no shield)
rNeg    + . .      Spirit   .   b - +0 leather armour
rPois   inf        Reflect  .   (no helmet)
rElec   +          Harm     .   (no cloak)
rCorr   .          Rampage  .   (no gloves)
Will    .....                   (no boots)
Stlth   +++.......              (no amulet)
HPRegen 0.04/turn               (no ring)
MPRegen 0.07/turn               (no ring)

@: no status effects
A: sickness immunity, AC +2, negative energy resistance 1, electricity
resistance, torment resistance 1, petrification resistance
a: no special abilities


You were on level 4 of the Dungeon.
You visited 1 branch of the dungeon, and saw 2 of its levels.

You collected 34 gold pieces.


Innate Abilities, Weirdness & Mutations

You are immune to sickness and miasma.
Your stone body is resilient. (AC +2)
You are immune to poison.
You resist negative energy. (rN+)
You are resistant to electric shocks. (rElec)
You are resistant to unholy torment.
You are immune to petrification.


   Skills:
 - Level 3.2 Fighting
 + Level 1.9 Axes
 - Level 1.5 Dodging
 - Level 5.4 Stealth


You couldn't memorise any spells.
You didn't know any spells.
Your spell library was empty.

Inventory:

Hand Weapons
 a - a +0 whip
 Y - a +0 hand axe (weapon)
Armour
 b - a +0 leather armour (worn)
Wands
 g - a wand of digging (3)
Potions
 f - a potion of haste

Dungeon Overview and Level Annotations

Branches:
Dungeon (5/15)
 Temple: D:4-7

Altars:
Fedhas


Message History

Waypoint 1 assigned to D:4.
43 ||| PLANNING SEWER You now have 34 gold pieces (gained 13).
A kobold comes into view. It is wielding a +0 whip.
The kobold shouts!
You closely miss the kobold. The kobold hits you but does no damage.
You hit the kobold.
The kobold is moderately wounded.
The kobold hits you but does no damage.
You closely miss the kobold.
The kobold is moderately wounded.
The kobold hits you but does no damage.
You hit the kobold.
You kill the kobold!
Found a blossoming altar of Fedhas.
a - a +0 whip A black bear comes into view.
The black bear growls angrily.
A black bear is nearby!
You hit the black bear but do no damage.
The black bear barely misses you. x2
The black bear claws you but does no damage.
The black bear bites you. The black bear closely misses you.
The black bear barely misses you.
You hit the black bear.
The black bear is lightly wounded.
The black bear misses you. The black bear claws you. x2
You hit the black bear.
The black bear is moderately wounded.
The black bear bites you but does no damage.
The black bear claws you but does no damage.
The black bear closely misses you.
You hit the black bear but do no damage.
The black bear is lightly wounded.
The black bear bites you. The black bear barely misses you. x2
You hit the black bear.
The black bear is moderately wounded.
The black bear bites you.
You die...

### .... ._. ...
#.# #..###### #.#
#.....h.#####.# ..
#@......####.#
...########.......#
........####.######
.............#
#######.###### #.#
#.####### #.>.....#
#######...


You could see a black bear.

Vanquished Creatures
  A kobold (D:4)
1 creature vanquished.

Notes
Turn   | Place    | Note
-------+----------+-------------------------------------------
     0 | D:5      | qw the Gargoyle Delver began the quest for the Orb.
     0 | D:5      | Reached XP level 1. HP: 14/14 MP: 1/1
     0 | D:5      | 0 ||| qw: Version: 0.1-a-116-g5d60599
     0 | D:5      | 0 ||| qw: Game counter: 8470
     0 | D:5      | 0 ||| qw: Always use a shield: true
     0 | D:5      | 0 ||| qw: God list: Okawaru
     0 | D:5      | 0 ||| qw: Allow faded altars: false
     0 | D:5      | 0 ||| qw: Do Orc after D:15 true
     0 | D:5      | 0 ||| qw: Do second Lair branch before Depths: true
     0 | D:5      | 0 ||| qw: Lair rune preference: random
     0 | D:5      | 0 ||| qw: Plans: Normal
     0 | D:5      | 0 ||| PLANNING D:1-11
    30 | D:5      | 30 ||| READING scroll labelled JAMIAD ROEH.
    31 | D:5      | 31 ||| DROPPING scroll of fog.
    32 | D:5      | 32 ||| DROPPING scroll of magic mapping.
    33 | D:5      | 33 ||| DROPPING scroll of fear.
    43 | D:4      | 43 ||| PLANNING SEWER
    63 | D:4      | Found a blossoming altar of Fedhas.
    70 | D:4      | Noticed a black bear
    79 | D:4      | HP: 3/14 [black bear (2)]
    80 | D:4      | Slain by a black bear

Levels and vault maps discovered:
D:4:      layout_loops_ring, kiku_gazebo_pond_becter,
          mainiacjoe_overflow_alcove_1, mainiacjoe_overflow_boulevard,
          gup_sewer_entry_glass
D:5:      minmay_chambers_of_threes, layout_cave_pools,
          nicolae_ossuary_entry_plus, nicolae_shop_vocational

Action                   || total
-------------------------++-------
Melee: Hand axe          ||     9
  Use: Scroll            ||     1
Armor: Leather armour    ||     6
Dodge: Dodged            ||     8

Table legend:
 A = Non-vault XP
 B = Vault XP
 C = Vault XP percentage of total XP
 D = Non-vault monster count
 E = Vault monster count
 F = Vault count percentage of total count
                 A         B        C        D         E       F
            +---------+---------+-------+---------+---------+-------
      Total |       2 |       0 |   0.0 |       1 |       0 |   0.0
            +---------+---------+-------+---------+---------+-------
        D:4 |       2 |       0 |   0.0 |       1 |       0 |   0.0
            +---------+---------+-------+---------+---------+-------
